AoeStats
← 瓦兰吉程咬金三板斧

Nomad

510273195Analyzed
4v4 RM · 3d ago on Sep 30, 2026· 31m 11s· 8 players
Game mode
Random Map
Map size
231×231
Population
200
Speed
Normal
Resources
Standard
Victory
Conquest
Starting age
Dark Age
Ending age
Imperial Age
RankedLock teamsTeams togetherTeam positionsShared explorationLock speedFull tech treeHidden civsTurbo modeCheats
Victory
Defeat
🇳🇱 Dravidians · Netherlands
1620
+10
🇻🇳 Spanish · Vietnam
1601
+11
🇨🇳 Saxons · China
1558
+13
1474
+15
🇮🇹 Koreans · Italy
1550
-15
🇧🇪 Jurchens · Belgium
1530
-14
🇭🇰 Gurjaras · Hong Kong SAR China
1458
-11
🇻🇳 Inca · Vietnam
1395
-9
Komkommersla
4:53 Loom
13:57 Feudal Age
14:45 Double-Bit Axe
17:01 Fletching
22:38 Castle Age
22:34 Gold Mining
23:33 Medium Warships
23:20 Bodkin Arrow
24:04 Bow Saw
25:39 Horse Collar
26:57 Fishing Lines
29:05 Gillnets
29:51 Pikeman
Snow_Boss
5:02 Loom
13:24 Feudal Age
14:47 Double-Bit Axe
17:08 Castle Age
16:01 Fishing Lines
16:50 Scale Mail Armor
17:00 Forging
18:12 Chain Mail Armor
18:14 Bow Saw
19:26 Town Watch
22:15 Horse Collar
瓦兰吉程咬金三板斧
13:13 Feudal Age
16:45 Castle Age
16:05 Double-Bit Axe
16:57 Fletching
18:09 Bow Saw
18:08 Bodkin Arrow
18:14 Padded Archer Armor
18:32 Fishing Lines
23:16 Ballistics
24:57 Horse Collar
25:08 Gold Mining
26:26 Leather Archer Armor
28:24 Bloodlines
30:18 Gold Shaft Mining
29:34 Stone Mining
30:23 Wheelbarrow
29:34 Loom
30:38 Town Watch
31:34 Hand Cart
tigerdownhill_
4:33 Loom
13:24 Feudal Age
16:58 Castle Age
16:13 Double-Bit Axe
18:15 Bow Saw
20:16 Wheelbarrow
21:01 Padded Archer Armor
22:37 Horse Collar
29:10 Fishing Lines
JanVerplanken
5:12 Loom
13:39 Feudal Age
19:14 Castle Age
jardan1234
6:05 Loom
13:51 Feudal Age
14:33 Double-Bit Axe
14:31 Fishing Lines
14:37 Fishing Lines
21:46 Castle Age
21:59 Gold Mining
21:52 Horse Collar
22:37 Scale Barding Armor
22:43 Forging
23:55 Bloodlines
23:46 Husbandry
27:10 Iron Casting
29:58 Chain Barding Armor
gianghodd01
6:35 Loom
15:08 Feudal Age
15:12 Champi Runner
15:38 Fishing Lines
15:45 Double-Bit Axe
17:50 Arson
18:06 Scale Mail Armor
18:02 Gold Mining
17:53 Horse Collar
18:53 Forging
20:15 Wheelbarrow
24:17 Castle Age
27:27 Squires
28:38 Champi Warrior
Zoccolo Fitusu
5:47 Loom
13:04 Feudal Age
18:49 Castle Age
17:17 Double-Bit Axe
17:55 Fletching
18:39 Horse Collar
20:02 Bow Saw
29:41 Bodkin Arrow
Connection lost

Rejoining the realm…

Still unreachable

The connection could not be restored.

Session expired

The server has moved on; the page needs a fresh start.